cohdb
Replays
Latest Replays
All Replays
Popular Replays
Top Player Replays
Match Explorer
How It Works
Community
CoH3 Stats
Reddit
Sign in to upload your games and track your stats! →
Sign in with Steam
Match 45217949
Unlisted
Match 45217949
Overview
Messages
Build Orders
End
Vickers Machine Gun Team
Royal Engineer Section
Construct Section Command Post
Dingo Light Scout Car
Infantry Section
Construct Field Infirmary
Construct Field Infirmary
Selects Indian Artillery Battlegroup
Selects War Cry
ML 3-inch Mortar Team
Grenade Package
Selects Gurkha Rifles Section
Gurkha Rifles Section
Infantry Section
Gurkha Rifles Section
Construct Platoon Command Post
Construct Company Command Post
Unlock M3 Grant Medium Tanks
Infantry Training
Selects Volunteer Infantry
M3 Grant Medium Tank
M3 Grant Medium Tank
Selects Artillery Saturation
Selects Off-map Airburst Barrage
Selects Perimeter Monitor
Gurkha Rifles Section
Off-map Airburst Barrage
M3 Grant Medium Tank
Armored Vehicle Training
M3 Grant Medium Tank
Off-map Airburst Barrage
RitraXP
alex You
C.C.C.P
抖音疾风
alessio797979
花园宝宝爆你头
OP_Nice
0
0
Comments
sign in to comment!
No comments posted yet!